 Dungeon Crawl Stone Soup version 0.23-a0-488-g5fd82c5 (webtiles) character file.

7372 theanonym the Fighter (level 10, 0/88 HPs)
             Began as a Mummy Warper on Dec 1, 2018.
             Was a Priest of Uskayaw.
             Slain by a yak (12 damage)
             ... on level 9 of the Dungeon.
             The game lasted 00:23:14 (15615 turns).

theanonym the Fighter (Mummy Warper)               Turns: 15615, Time: 00:23:14

Health: 0/88       AC: 10    Str: 17    XL:     10   Next: 91%
Magic:  11/14      EV:  7    Int: 13    God:    Uskayaw [***...]
Gold:   703        SH:  2    Dex: 12    Spells: 14/14 levels left

rFire    x . .     SeeInvis .   k - +0 flail
rCold    + . .     Gourm    .   (no shield)
rNeg     + + +     Faith    .   i - +0 chain mail
rPois    ∞         Spirit   .   s - +1 helmet
rElec    .         Reflect  +   (no cloak)
rCorr    +         Harm     .   (no gloves)
MR       +....                  (no boots)
Stlth    ..........             n - +2 amulet of reflection
HPRegen  0.24/turn              u - ring of resist corrosion
MPRegen  0.14/turn              a - ring of flight

@: no status effects
A: no food or potions, fire vulnerability, cold resistance 1, negative energy
resistance 3, torment resistance, unbreathing
a: Stomp, Line Pass, Renounce Religion, Evoke Flight


Innate Abilities, Weirdness & Mutations

You do not eat or drink.
Your flesh is vulnerable to fire.
You are immune to poison.
Your flesh is cold resistant. (rC+)
You are immune to negative energy. (rN+++)
You are immune to unholy pain and torment.
You can survive without breathing.


   Skills:
 + Level 11.4 Fighting
 * Level 10.5 Maces & Flails
 - Level 0.7 Throwing
 - Level 0.7 Armour
 - Level 1.5 Dodging
 - Level 2.6 Spellcasting
   Level 2.4 Translocations
 - Level 1.2 Invocations


You had 14 spell levels left.
You didn't know any spells.
Your spell library contained the following spells:

 Spells                   Type           Power        Failure   Level  Hunger
 Apportation              Tloc           #.....       83%         1    N/A
 Blink                    Tloc           N/A          93%         2    N/A
 Shroud of Golubria       Chrm/Tloc      #.........   98%         2    N/A
 Animate Skeleton         Necr           N/A          99%         1    N/A
 Confusing Touch          Hex            #.....       99%         1    N/A
 Summon Small Mammal      Summ           #...         99%         1    N/A
 Gell's Gravitas          Tloc           #.........   99%         3    N/A
 Lesser Beckoning         Tloc           #.........   99%         3    N/A
 Teleport Other           Tloc           #.......     99%         3    N/A
 Passage of Golubria      Tloc           N/A          100%        4    N/A

Skill      XL: |  1  2  3  4  5  6  7  8  9 10 |
---------------+-------------------------------+-----
Maces & Flails | 2 3 4 5 7 8 10 | 10.5
Fighting       | 3 4 5 6 8 10 11 | 11.4
Invocations    | 1 |  1.2
Throwing       | |  0.7
Armour         | |  0.7
Dodging        | |  1.5
Spellcasting   | |  2.6
Translocations | |  2.4

Action                   |  1- 3 |  4- 6 |  7- 9 | 10-12 || total
-------------------------+-------+-------+-------+-------++-------
Melee: Mace              |   110 |    38 |       |       ||   148
       Flail             |       |   223 |   674 |   369 ||  1266
Throw: Tomahawk          |       |       |     5 |       ||     5
Invok: Stomp             |       |       |     9 |     8 ||    17
       Line Pass         |       |       |     3 |     1 ||     4
Evoke: Wand              |       |     1 |     1 |     9 ||    11
  Use: Scroll            |       |     2 |    11 |     3 ||    16
 Stab: Paralysed         |       |     9 |    14 |    26 ||    49
Armor: Scale mail        |    92 |     2 |       |       ||    94
       Chain mail        |       |   155 |   447 |   160 ||   762
Dodge: Dodged            |    88 |   120 |   241 |   120 ||   569
Block: Other             |       |       |    46 |    17 ||    63
       Reflection        |       |       |       |     2 ||     2

Inventory:

Hand Weapons
 k - a +0 flail (weapon)
   (You found it on level 2 of the Dungeon)
Missiles
 e - 7 tomahawks (quivered)
Armour
 i - a +0 chain mail (worn)
   (You found it on level 2 of the Dungeon)
 s - a +1 helmet (worn)
   (You took it off Robin on level 3 of the Dungeon)
Jewellery
 a - a ring of flight (right hand)
   (You found it on level 6 of the Dungeon)
 n - a +2 amulet of reflection (around neck)
   (You found it on level 3 of the Dungeon)
 u - a ring of resist corrosion (left hand)
   (You found it on level 4 of the Dungeon)
Wands
 d - a wand of digging (5)
   (You found it on level 7 of the Dungeon)
 g - a wand of paralysis (2)
   (You found it on level 8 of the Dungeon)
 h - a wand of flame (14)
   (You found it on level 8 of the Dungeon)
 j - a wand of iceblast (7)
   (You found it on level 8 of the Dungeon)
Scrolls
 b - 4 scrolls of enchant armour
 c - 4 scrolls of enchant weapon
 f - 3 scrolls of fog
 l - a scroll of amnesia
 r - 2 scrolls of identify
 t - 2 scrolls of teleportation {!r}
 y - a scroll of magic mapping
 B - 4 scrolls of blinking


You were on level 9 of the Dungeon.
You worshipped Uskayaw.
Uskayaw was noncommittal.
You were not hungry.

You visited 1 branch of the dungeon, and saw 9 of its levels.

You collected 703 gold pieces.

Dungeon Overview and Level Annotations

Branches:
Dungeon (9/15)             Temple (0/1) D:5            Lair (0/6) D:9
    Orc: D:9-12

Altars:
Ashenzari
Elyvilon
Gozag
Okawaru
Ru
Trog
Uskayaw
Vehumet
Zin
The Shining One

Annotations:
D:4 3 runed doors, Twixt's ghost, amateur DrTm; derval's ghost, amateur DDEE

#>.............P.P..P.......P...
###.......###....P...P>P...P....
#........##...P.........P...P#
#.........#.#P............P..
#........##†#..P.Y.Y......P..
#...###..##.#...Y........P #####
#..##.#..........PP ####
#####..##.#Y#.......P. ...#
#......##.#@#.P....... ...#
#.........#.#..P......
...###.)..)#####.#.P..P....
..>..).÷)).......#.#.......
.....)......#........#.###
............#.####.###.#
.......###..#....<... (......#
#..########## .......#
#..........


You could see a yak.

Notes
Turn   | Place    | Note
-------+----------+-------------------------------------------
     0 | D:1      | theanonym the Mummy Warper began the quest for the Orb.
     0 | D:1      | Reached XP level 1. HP: 16/16 MP: 4/4
   101 | D:1      | Reached XP level 2. HP: 19/23 MP: 5/5
   105 | D:1      | Reached skill level 2 in Maces & Flails
   228 | D:1      | HP: 10/23 [hobgoblin (3)]
   237 | D:1      | HP: 9/23 [bat (1)]
   242 | D:1      | HP: 8/23 [bat (1)]
   249 | D:1      | HP: 7/23 [hobgoblin/+0 club (2)]
   702 | D:1      | Reached XP level 3. HP: 28/28 MP: 7/7
  1003 | D:2      | Reached skill level 3 in Fighting
  1184 | D:2      | Reached XP level 4. HP: 35/35 MP: 8/8
  1531 | D:2      | Reached skill level 3 in Maces & Flails
  1612 | D:2      | Found an iron altar of Okawaru.
  2153 | D:3      | Noticed Ijyb
  2156 | D:3      | Paralysed by Ijyb for 7 turns
  2173 | D:3      | Paralysed by Ijyb for 3 turns
  2176 | D:3      | Killed Ijyb
  2176 | D:3      | Reached skill level 4 in Fighting
  2176 | D:3      | Reached XP level 5. HP: 37/42 MP: 9/9
  2247 | D:3      | Noticed Robin
  2328 | D:3      | Noticed Natasha
  2337 | D:3      | Killed Natasha
  2623 | D:3      | Noticed Natasha
  2652 | D:3      | Killed Natasha
  2808 | D:3      | Killed Robin
  2954 | D:3      | Noticed Natasha
  2965 | D:3      | Killed Natasha
  3174 | D:4      | Reached XP level 6. HP: 45/49 MP: 10/10
  3179 | D:3      | Found a radiant altar of Vehumet.
  3179 | D:3      | Found a hide-covered altar of Uskayaw.
  3193 | D:3      | Became a worshipper of Uskayaw the Reveler
  3209 | D:4      | Reached * piety under Uskayaw
  3215 | D:4      | Reached ** piety under Uskayaw
  3217 | D:4      | Reached skill level 4 in Maces & Flails
  3225 | D:4      | Reached *** piety under Uskayaw
  3227 | D:4      | Reached skill level 5 in Fighting
  3229 | D:4      | Reached **** piety under Uskayaw
  3233 | D:4      | HP: 24/51 [orc priest/+0 trident (5)]
  3528 | D:4      | Found a runed gate.
  3528 | D:4      | Found a runed gate.
  3528 | D:4      | Found a runed gate.
  3530 | D:4      | Noticed derval's ghost (amateur DDEE)
  3531 | D:4      | Noticed Twixt's ghost (amateur DrTm)
  3546 | D:4      | Noticed Blork the orc
  3562 | D:4      | Killed Blork the orc
  3603 | D:4      | Reached XP level 7. HP: 49/56 MP: 11/11
  3624 | D:4      | HP: 25/56 [iguana (11)]
  3631 | D:4      | HP: 20/56 [iguana (7)]
  3635 | D:4      | HP: 4/56 [iguana (9)]
  4457 | D:4      | HP: 25/57 [ogre/+0 giant club (21)]
  4675 | D:5      | Entered Level 5 of the Dungeon
  4675 | D:5      | Found a staircase to the Ecumenical Temple.
  4813 | D:5      | HP: 27/57 [orc wizard/puff of flame (12)]
  4818 | D:5      | Reached skill level 6 in Fighting
  4818 | D:5      | Reached skill level 5 in Maces & Flails
  5388 | D:5      | HP: 26/58 [sky beast (6)]
  5393 | D:5      | HP: 23/58 [something (4)]
  5402 | D:5      | HP: 18/58 [sky beast (1)]
  5979 | D:5      | Found a sacrificial altar of Ru.
  6228 | D:6      | Reached XP level 8. HP: 60/65 MP: 12/12
  6239 | D:6      | Reached skill level 7 in Fighting
  6321 | D:6      | Found a shattered altar of Ashenzari.
  6366 | D:6      | Reached skill level 6 in Maces & Flails
  6568 | D:6      | HP: 32/67 [gnoll/+0 spear (3)]
  6575 | D:6      | HP: 33/67 [gnoll/+0 spear (1)]
  6581 | D:6      | HP: 17/67 [bullfrog (5)]
  6791 | D:6      | theanonym: ??uskayaw
  6791 | D:6      | beem: uskayaw[1/6]: God of ecstatic dance. Piety raises
                  | very quickly as you deal damage and drops very quickly over
                  | time. *: Stomp for AOE damage. **: Teleport through a line
                  | of creatures, confusing them. ***: on reaching this piety
                  | level, briefly paralyze all enemies in LOS. ****: On
                  | reaching this piety level, monsters share damage. *****:
                  | Telefrag any monster in LOS.
  6870 | D:6      | Found an opulent altar of Gozag.
  6981 | D:6      | HP: 24/68 [ogre/+0 giant club (17)]
  6983 | D:6      | HP: 2/68 [ogre/+0 giant club (22)]
  6997 | D:6      | Reached skill level 1 in Invocations
  7336 | D:6      | Reached skill level 8 in Fighting
  7441 | D:6      | Found a shattered altar of Ashenzari.
  7441 | D:6      | Found a bloodstained altar of Trog.
  7563 | D:6      | Noticed Pikel
  7607 | D:6      | Killed Pikel
  7607 | D:6      | Reached skill level 7 in Maces & Flails
  7607 | D:6      | Reached XP level 9. HP: 43/75 MP: 13/13
  7946 | D:6      | HP: 33/75 [ice beast (6)]
  7958 | D:6      | HP: 33/75 [orc wizard/+0 dagger (3)]
  7977 | D:6      | HP: 34/75 [ice beast (3)]
  8224 | D:7      | Noticed Joseph
  8232 | D:7      | HP: 35/75 [Joseph/sling bullet (7)]
  8420 | D:6      | Reached skill level 9 in Fighting
  8584 | D:7      | HP: 38/76 [Joseph/+0 quarterstaff (10)]
  8590 | D:7      | HP: 34/76 [Joseph/+0 quarterstaff (6)]
  8599 | D:6      | HP: 21/76 [orc/+0 hand axe (2)]
  8605 | D:6      | HP: 16/76 [orc/+0 dagger (2)]
  8886 | D:6      | HP: 33/76 [orc warrior/+0 mace (8)]
  9137 | D:7      | Killed Joseph
  9445 | D:7      | HP: 37/77 [centaur (6)]
  9448 | D:7      | Reached skill level 8 in Maces & Flails
 10157 | D:8      | theanonym: ??uskayaw[2
 10157 | D:8      | beem: uskayaw powers[1/1]: *: Stomp. **: Line Pass. *****:
                  | Grand Finale. Upon reaching ***, briefly and irresistably
                  | paralyze all monsters in LOS. Upon reaching ****, pain bond
                  | all monsters in LOS. The *** and **** powers can be
                  | triggered once per 30 turns. All powers scale heavily w/
                  | Invo.
 10157 | D:8      | theanonym: ??uskayaw[3
 10157 | D:8      | beem: uskayaw reasons[2/3]: reasons The balrug is hit by a
                  | flying piece of Cerebov!
 10157 | D:8      | theanonym: ??uskayaw[4
 10157 | D:8      | beem: uskayaw[4/6]:
                  | http://dl36mmdz94630.cloudfront.net/uploads/assets/images/0
                  | 00/007/538/large/Taiko1.jpg?1389771277
 10244 | D:8      | Reached skill level 10 in Fighting
 10257 | D:8      | Noticed a two-headed ogre
 10382 | D:8      | Noticed Prince Ribbit
 10414 | D:8      | HP: 36/78 [Prince Ribbit (11)]
 10417 | D:8      | Killed Prince Ribbit
 10677 | D:8      | Reached XP level 10. HP: 55/86 MP: 12/14
 10717 | D:8      | HP: 42/86 [hippogriff (2)]
 10722 | D:8      | HP: 29/86 [hippogriff (2)]
 10817 | D:8      | HP: 40/86 [adder (1)]
 10822 | D:8      | HP: 37/86 [adder (4)]
 10828 | D:8      | HP: 37/86 [adder (2)]
 11142 | D:8      | Identified a scroll of acquirement
 11143 | D:8      | Got a scorched lajatang
 11144 | D:8      | Identified the +6 lajatang "Tyczinon" {pain, rPois Str-2
                  | Dex+7} (You acquired it on level 8 of the Dungeon)
 11218 | D:6      | Found a shattered altar of Ashenzari.
 11328 | D:6      | Found an opulent altar of Gozag.
 11410 | D:6      | Found a shattered altar of Ashenzari.
 11410 | D:6      | Found a bloodstained altar of Trog.
 12340 | D:4      | HP: 38/86 [ogre/+0 giant club (16)]
 12695 | D:8      | HP: 36/86 [two-headed ogre/+0 giant club (13)]
 12705 | D:8      | Killed a two-headed ogre
 12705 | D:8      | Reached skill level 9 in Maces & Flails
 12712 | D:8      | HP: 21/86 [howler monkey (3)]
 12839 | D:8      | HP: 41/86 [sky beast (6)]
 13221 | D:8      | Found a glowing golden altar of the Shining One.
 13221 | D:8      | Found a white marble altar of Elyvilon.
 13221 | D:8      | Found a glowing silver altar of Zin.
 13596 | D:8      | Found a glowing silver altar of Zin.
 13993 | D:9      | Reached skill level 11 in Fighting
 14004 | D:9      | HP: 43/87 [bullfrog (4)]
 14009 | D:9      | HP: 37/87 [bullfrog (2)]
 14013 | D:9      | Reached ***** piety under Uskayaw
 14015 | D:9      | HP: 35/87 [howler monkey (2)]
 14031 | D:9      | HP: 38/87 [scorpion (1)]
 14045 | D:9      | HP: 22/87 [crocodile (13)]
 14047 | D:9      | HP: 6/87 [crocodile (5)]
 14390 | D:9      | Reached skill level 10 in Maces & Flails
 14636 | D:9      | HP: 44/88 [gnoll/+1 halberd of venom (6)]
 14643 | D:9      | HP: 20/88 [gnoll/+1 halberd of venom (12)]
 15134 | D:9      | HP: 39/88 [orc warrior/+0 broad axe (14)]
 15149 | D:9      | HP: 19/88 [scorpion (5)]
 15165 | D:9      | HP: 19/88 [crocodile (4)]
 15342 | D:9      | HP: 41/88 [porcupine's spines (11)]
 15576 | D:9      | Found a staircase to the Lair.
 15600 | D:9      | HP: 44/88 [yak (2)]
 15605 | D:9      | HP: 24/88 [yak (5)]
 15613 | D:9      | HP: 23/88 [yak (2)]
 15615 | D:9      | Slain by a yak

Vanquished Creatures
  A two-headed ogre (D:8)
  Pikel (D:6)
  Joseph (D:7)
  Prince Ribbit (D:8)
  A hippogriff (D:8)
  4 yaks (D:9)
  A porcupine (D:9)
  4 sky beasts
  3 ice beasts
  2 orc warriors
  2 phantoms
  A necrophage (D:6)
  A black bear (D:9)
  4 ogres
  4 crocodiles (D:9)
  2 centaurs (D:7)
  2 big kobolds (D:8)
  7 bullfrogs
  Blork the orc (D:4)
  5 scorpions
  6 killer bees (D:9)
  8 howler monkeys
  5 crimson imps
  5 hounds
  2 jellies
  2 quasits
  6 orc wizards
  5 orc priests
  2 bullfrog zombies
  A gnoll shaman (D:9)
  3 bullfrog skeletons
  Ijyb (D:3)
  Natasha (thrice) (D:3)
  An iguana (D:4)
  A killer bee zombie (D:6)
  A hound zombie (D:8)
  A hound skeleton (D:8)
  2 worker ant zombies
  A howler monkey skeleton (D:4)
  Robin (D:3)
  8 adders
  9 gnolls
  A shadow imp (D:6)
  3 oozes
  An adder zombie (D:5)
  4 adder skeletons
  A worm (D:3)
  7 dart slugs
  4 leopard geckos
  32 orcs
  8 giant cockroaches
  17 goblins
  11 hobgoblins
  6 jackals
  4 kobolds
  9 quokkas
  3 ball pythons
  8 bats
  5 frilled lizards
  A jackal skeleton (D:8)
  A leopard gecko zombie (D:8)
  A quokka zombie (D:6)
  10 rats
259 creatures vanquished.

Vanquished Creatures (others)
  51 fungi (D:9)
  38 plants (D:9)
89 creatures vanquished.

Grand Total: 348 creatures vanquished

Table legend:
 A = Turns spent in this place as a percentage of turns spent in the entire game.
 B = Non-inter-level travel turns spent in this place as a percentage of non-inter-level travel turns spent in the entire game.
 C = Inter-level travel turns spent in this place as a percentage of turns spent in this place.
 D = Turns resting spent in this place as a percentage of non-inter-level travel turns spent in this place.
 E = Turns spent auto-exploring this place as a percentage of non-inter-level travel turns spent in this place.
 F = Non-inter-level travel turns spent in this place divided by the number of levels of this place that you've seen.
                   A       B       C       D       E      F
               +-------+-------+-------+-------+-------+----------------------
         Total | 100.0 | 100.0 |   3.6 |  46.5 |  35.9 | 1671.8
       Dungeon | 100.0 | 100.0 |   3.6 |  46.5 |  35.9 | 1671.8
               +-------+-------+-------+-------+-------+----------------------
